 Dungeon Crawl Stone Soup version 0.31-a0-640-g39d97e502b (webtiles) character file.

Game seed: 7040351165078322645

5625 Hubris850 the Mimic (level 10, 0/105 HPs)
             Began as a Merfolk Shapeshifter on Aug 28, 2023.
             Was a Believer of Nemelex Xobeh.
             Slain by a wyvern (9 damage)
             ... while petrified by a basilisk
             ... on level 8 of the Dungeon.
             The game lasted 00:25:56 (7530 turns).

Hubris850 the Mimic (Merfolk Shapeshifter)          Turns: 7530, Time: 00:25:56

Health: 0/105      AC:  4    Str: 22    XL:     10   Next: 73%
Magic:  10/10      EV:  2    Int: 20    God:    Nemelex Xobeh [**....]
Gold:   538        SH:  0    Dex: 14    Spells: 9/9 levels left

rFire   + .          .
                       - Unarmed
rCold   x . .        (shield currently unavailable)
rNeg    + + +        p - +4 ring mail of the Wilderness {rPois rF+ rC- Str+8}
rPois   ∞            (no helmet)
rElec   .            g - +1 cloak
rCorr   .            (no gloves)
SInv    .            k - +0 pair of boots
Will    .....        z - amulet of regeneration Stlth
                     v - +5 ring of evasion
HPRegen 1.17/turn    w - +6 ring of intelligence
MPRegen 0.12/turn

%: no passive effects
@: berserking, flux-form, petrified, corroded, glowing
A: glow, contaminating, (nimble swimmer 2), mertail
a: Begin Untransformation, Renounce Religion, Draw Escape, Draw Destruction,
Draw Summoning


You were on level 8 of the Dungeon.
You worshipped Nemelex Xobeh.
Nemelex Xobeh was pleased with you.
You were something dangerously unstable.
You visited 1 branch of the dungeon, and saw 8 of its levels.
You also visited: Bailey.

You collected 564 gold pieces.
You spent 26 gold pieces at shops.

Inventory:

Hand Weapons
 b - a +1 short sword of venom
 i - a +0 dagger
 A - a +3 halberd
 C - a +3 scimitar
 L - a +3 dagger of electrocution
 M - a +5 spear of venom
 O - a +6 spear
Missiles
 h - 28 boomerangs (quivered)
 s - 2 throwing nets
 y - 17 poisoned darts
Armour
 a - a +0 animal skin
 e - a +0 ring mail
 g - a +1 cloak (worn)
 k - a +0 pair of boots (worn)
 p - the +4 ring mail of the Wilderness (worn) {rPois rF+ rC- Str+8}
   (You found it on level 2 of the Dungeon)

   Str+8:     It affects your strength (+8).
   rF+:       It protects you from fire.
   rC-:       It makes you vulnerable to cold.
   rPois:     It protects you from poison
 K - a +2 leather armour of cold resistance
 P - a +0 buckler
Magical Staves
 r - a staff of fire
Jewellery
 v - a +5 ring of evasion (left hand)
 w - a +6 ring of intelligence (right hand)
 x - a ring of resist corrosion
 z - an amulet of regeneration (around neck)
 B - a ring of see invisible
Talismans
 c - a beast talisman
 d - a flux talisman (active)
Wands
 H - a wand of flame (10)
Scrolls
 u - 3 scrolls of teleportation
 D - 2 scrolls of enchant armour
 G - a scroll of amnesia {unknown}
 I - a scroll of enchant weapon {unknown}
 N - a scroll of revelation {unknown}
Potions
 f - 2 potions of brilliance
 j - 6 potions of curing
 l - 2 potions of invisibility
 m - a potion of ambrosia
 n - 2 potions of mutation
 o - 3 potions of lignification
 t - a potion of attraction {unknown}
 E - 2 potions of degeneration {unknown}
 F - a potion of might {unknown}
 J - 5 potions of enlightenment


   Skills:
 - Level 3.0 Fighting
 - Level 7.0 Dodging
 + Level 11.8 Unarmed Combat
 + Level 13.0 Shapeshifting


You had 9 spell levels left.
You didn't know any spells.
Your spell library contained the following spells:

 Spells                   Type           Power      Damage    Failure   Level
 Animate Armour           Summ/Erth      0%         N/A       97%         4
 Animate Dead             Necr           0%         N/A       97%         4
 Summon Lightning Spire   Summ/Air       0%         N/A       97%         4
 Borgnjor's Vile Clutch   Necr/Erth      0%         N/A       100%        5
 Lee's Rapid Deconstruct  Erth           0%         3d4*      100%        5
 Death Channel            Necr           0%         N/A       100%        6


Dungeon Overview and Level Annotations

Branches:
Dungeon (8/15)             Temple (0/1) D:5          Bailey (visited)
   Lair: D:8-11

Altars:
Ashenzari
Elyvilon
Fedhas
Kikubaaqudgha
Makhleb
Nemelex Xobeh
Ru
Sif Muna
Trog
Xom
Yredelemnul
Lugonu

Shops:
D:5 ?   D:7 *   D:8 !

Annotations:
D:6 exclusions: door and oklob plant
D:7 2 transporters


Innate Abilities, Weirdness & Mutations

You are something dangerously unstable.
You glow with magical radiation, making you easy to see and hit.
Foes you strike become dangerously contaminated with magical radiation.
You are immune to poison.
You are incapable of wielding weapons or throwing items.
((You are very nimble when in or above water. (Stealth+, EV+, Speed+++)))
Your lower body shifts to a powerful aquatic tail in water.


Message History

You feel yourself moving faster!
You feel mighty! The wyvern bites you.
* * * LOW HITPOINT WARNING * * *
The wyvern barely misses you.
You hit the basilisk.
The basilisk begins to glow.
The basilisk is lightly wounded.
The wyvern barely misses you.
You hit the basilisk.
The basilisk glows dangerously bright.
The basilisk is lightly wounded.
The basilisk gazes at you.
You are slowing down.
The wyvern bites you.
* * * LOW HITPOINT WARNING * * *
Unknown command.
You punch the basilisk!
The basilisk shudders as magic cascades through it!!!
You kill the basilisk!
The wyvern bites you but does no damage.
The acid dragon spits acid at you. The splash of acid hits you.
* * * LOW HITPOINT WARNING * * *
The acid corrodes you!
Your Shapeshifting skill increases to level 13!
Unknown command.
Unknown command.
You closely miss the wyvern. The wyvern bites you.
* * * LOW HITPOINT WARNING * * *
Your limbs are stiffening.
You punch the wyvern!
The wyvern begins to glow.
The wyvern is heavily wounded.
The wyvern bites you!
* * * LOW HITPOINT WARNING * * *
Unknown command.
You punch the acid dragon!
The acid dragon begins to glow.
The acid dragon is moderately wounded.
The wyvern barely misses you. The acid dragon bites you!
* * * LOW HITPOINT WARNING * * *
The acid dragon misses you.
You have turned to stone.
The wyvern bites you!!
You die...
Your body disappears without additional glow.

........##
...#.#..###########
........#
#..#.#.............
.......##
#..#.#...########## ....##+#
#..#.#...# # .####..#
#..#.#...# ##....##
.#####..#(#...# ......#
.......)#.#...# ...#..#
......lD#.....#
..##.†##########B###..##
.###.............# #..# .#
#.............# #..#
###############..# #..#
..........)......# #..#
.................###..######
###################.........
#..<..............########
###############..........#


You could see a wyvern (contam) and an acid dragon (contam, catching breath).

Vanquished Creatures
  An orc knight (Bailey)
  The ghost of rvierbuc the Cutter, a novice DsGl of Makhleb (D:8)
  Prince Ribbit (D:7)
  Sigmund (D:4)
  A basilisk (D:8)
  3 steam dragons (D:8)
  A water moccasin (D:6)
  6 orc warriors
  A black bear (D:5)
  2 sky beasts
  3 ogres
  4 centaurs
  A phantom (D:6)
  3 bullfrogs
  2 kobold brigands
  A wyvern zombie (D:5)
  A necrophage (D:5)
  2 gnoll sergeants (D:8)
  3 scorpions
  7 wights
  A killer bee (D:8)
  A howler monkey (D:8)
  A crimson imp (D:7)
  A centaur zombie (D:5)
  6 orc priests
  5 hounds
  A human zombie (D:5)
  6 iguanas
  2 scorpion zombies (D:5)
  A sleepcap (D:5)
  Natasha (thrice) (D:2)
  7 orc wizards
  A killer bee zombie (D:5)
  A hound zombie (D:5)
  2 mummies (D:5)
  A howler monkey zombie (D:5)
  3 gnolls
  6 adders
  A shadow imp (D:8)
  A white imp (D:6)
  2 worms
  4 dart slugs
  16 orcs
  3 endoplasms
  4 giant cockroaches
  12 goblins
  3 hobgoblins
  4 jackals (D:4)
  8 quokkas
  4 ball pythons
  6 bats
  26 kobolds
  4 rats
192 creatures vanquished.

Vanquished Creatures (others)
  An orc warrior (D:8)
  A jelly (D:8)
2 creatures vanquished.

Grand Total: 194 creatures vanquished

Notes
Turn   | Place    | Note
-------+----------+-------------------------------------------
     0 | D:1      | Hubris850 the Merfolk Shapeshifter began the quest for the
                  | Orb.
     0 | D:1      | Reached XP level 1. HP: 15/15 MP: 1/1
   369 | D:1      | Reached XP level 2. HP: 21/21 MP: 2/2
  1160 | D:2      | Noticed Natasha
  1173 | D:2      | Killed Natasha
  1174 | D:2      | Reached XP level 3. HP: 5/26 MP: 3/3
  1410 | D:2      | Noticed Natasha
  1418 | D:2      | Killed Natasha
  1419 | D:2      | Reached skill level 5 in Shapeshifting
  1419 | D:2      | Reached XP level 4. HP: 32/32 MP: 4/4
  1644 | D:2      | Identified the +4 ring mail of the Wilderness {rPois rF+
                  | rC- Str+8}
  1875 | D:2      | Noticed Natasha
  1883 | D:2      | Killed Natasha
  1884 | D:2      | Reached XP level 5. HP: 36/37 MP: 5/5
  2021 | D:3      | Found a broken altar of Ashenzari.
  2038 | D:3      | Found a white marble altar of Elyvilon.
  2366 | D:3      | Found a faded altar of an unknown god.
  2370 | D:3      | Found a sparkling altar of Nemelex Xobeh.
  2536 | D:3      | Found a bloodstained altar of Trog.
  2880 | D:4      | Reached skill level 5 in Unarmed Combat
  2954 | D:4      | Reached skill level 6 in Shapeshifting
  2973 | D:4      | Found a sacrificial altar of Ru.
  3028 | D:4      | Noticed Sigmund
  3035 | D:4      | Killed Sigmund
  3036 | D:4      | Reached XP level 6. HP: 34/45 MP: 6/6
  3089 | D:4      | Reached XP level 7. HP: 20/51 MP: 7/7
  3495 | D:3      | Became a worshipper of Nemelex Xobeh the Trickster
  3520 | D:5      | Entered Level 5 of the Dungeon
  3520 | D:5      | Found Mufoogaydgh's Magic Scroll Shop.
  3529 | D:4      | Reached skill level 5 in Dodging
  3663 | D:5      | Bought a scroll of identify for 26 gold pieces
  3779 | D:5      | Reached skill level 7 in Shapeshifting
  3951 | D:5      | Found a staircase to the Ecumenical Temple.
  4058 | D:5      | Reached XP level 8. HP: 58/58 MP: 8/8
  4247 | D:5      | Found an ancient bone altar of Kikubaaqudgha.
  4254 | D:5      | Reached skill level 8 in Shapeshifting
  4623 | D:6      | Reached skill level 9 in Shapeshifting
  4691 | D:6      | Reached * piety under Nemelex Xobeh
  4712 | D:6      | Found a basalt altar of Yredelemnul.
  4736 | D:6      | Reached XP level 9. HP: 62/63 MP: 9/9
  4794 | D:6      | Found a shimmering blue altar of Sif Muna.
  4830 | D:6      | Received a gift from Nemelex Xobeh
  4975 | D:6      | Found a blossoming altar of Fedhas.
  4994 | D:6      | Noticed an oklob plant
  5421 | D:7      | Found a corrupted altar of Lugonu.
  5421 | D:7      | Noticed a cyan ugly thing
  5421 | D:7      | Noticed a cyan ugly thing
  5423 | D:7      | Noticed an ancient zyme
  5465 | D:7      | Reached ** piety under Nemelex Xobeh
  5753 | D:7      | Reached skill level 10 in Shapeshifting
  5962 | D:7      | Found a burning altar of Makhleb.
  5962 | D:7      | Found a shimmering altar of Xom.
  6070 | D:7      | Found Codaaruf's General Store.
  6152 | D:7      | Noticed Prince Ribbit
  6162 | D:7      | Killed Prince Ribbit
  6163 | D:7      | Reached skill level 11 in Shapeshifting
  6317 | D:7      | Found a transporter.
  6319 | D:7      | Noticed a cyan ugly thing
  6320 | D:7      | Found a transporter.
  6481 | D:8      | Reached skill level 10 in Unarmed Combat
  6521 | D:8      | Reached XP level 10. HP: 70/70 MP: 10/10
  6667 | D:8      | Received a gift from Nemelex Xobeh
  6723 | D:8      | Found Iraen's Distillery.
  6800 | D:8      | Found a flagged portal.
  6810 | Bailey   | Entered a bailey
  6819 | Bailey   | Noticed an orc knight
  6961 | Bailey   | Killed an orc knight
  6962 | Bailey   | Reached skill level 12 in Shapeshifting
  7372 | D:8      | Found a runed translucent door.
  7373 | D:8      | Noticed rvierbuc's ghost (novice DsGl)
  7390 | D:8      | Killed rvierbuc's ghost
  7527 | D:8      | Reached skill level 13 in Shapeshifting
  7530 | D:8      | Slain by a wyvern

Illustrated notes

Levels and vault maps discovered:
D:1:      dpeg_arrival_brainrot, layout_loops_corners,
          hangedman_decor_diamond_cutter, grunt_decor_one_mirror
D:2:      layout_loops_cross, nrook_campfire, uniq_natasha
D:3:      layout_basic, mainiacjoe_overflow_paths,
          nicolae_overflow_ecumenical_swirl, general_overflow_altar,
          mainiacjoe_overflow_six_doors_small
D:4:      layout_basic, mainiacjoe_overflow_brackets, uniq_sigmund
D:5:      layout_rooms, lemuel_mausoleum_altar_kikubaaqudgha,
          minmay_temple_entry_statues_pillars, serial_shops, shop,
          supply_closet_lemuel, hangedman_decor_points
D:6:      layout_loops_ring, led_sif_book, yredelemnul_altar_generic, tgw_fedhas
D:7:      gammafunk_corrupted_shrine, layout_basic,
          grunt_temple_overflow_champion_of_chaos, serial_shops,
          nicolae_shop_tiny_real_fake_doors, st_stairs_13, uniq_prince_ribbit1
D:8:      minmay_quarter_circles, layout_basic, gammafunk_ghost_grave,
          enter_bailey_2, nicolae_take_the_stairs

Skill      XL: |  1  2  3  4  5  6  7  8  9 10 |
---------------+-------------------------------+-----
Dodging        | 3 4 6 7 |  7.0
Unarmed Combat | 4 5 6 8 10 11 | 11.8
Shapeshifting  | 5 6 7 9 11 13 | 13.0
Fighting       | 2 3 |  3.0

Action                     |  1- 3 |  4- 6 |  7- 9 | 10-12 || total
---------------------------+-------+-------+-------+-------++-------
  Melee: Unarmed           |    87 |   135 |   375 |   181 ||   778
         Punch             |     3 |     4 |       |       ||     7
         Short sword       |       |     7 |       |       ||     7
         Tailslap          |       |       |       |     1 ||     1
 Invoke: Draw Destruction  |       |       |     1 |       ||     1
Ability: Begin Untransform |     2 |       |       |       ||     2
    Use: Scroll            |     1 |     2 |     9 |       ||    12
         Potion            |     1 |       |     1 |     2 ||     4
 Armour: Ring mail         |    36 |    46 |    90 |    47 ||   219
         Skin              |     2 |     7 |       |       ||     9
  Dodge: Dodged            |    52 |    76 |   240 |   181 ||   549
   Form: Beast             |     1 |       |       |       ||     1
         Flux              |       |     1 |       |       ||     1

Table legend: (Time is in decaauts)
 A = Elapsed time spent in this place.
 B = Non-inter-level travel time spent in this place.
 C = Inter-level travel time spent in this place.
 D = Time resting spent in this place.
 E = Time spent auto-exploring this place.
 F = Levels seen in this place.
 G = Mean time per level.
                   A        B        C        D        E       F      G
               +--------+--------+--------+--------+--------+-----+--------+
         Total |   7397 |   7011 |    386 |    654 |   4401 |   9 |  821.9 |
       Dungeon |   7007 |   6621 |    386 |    623 |   4367 |   8 |  875.9 |
        Bailey |    390 |    390 |      0 |     31 |     34 |   1 |  390.0 |
               +--------+--------+--------+--------+--------+-----+--------+

Top non-repeatable levels by time:
     D:1: 1094 daAuts
     D:7: 1058 daAuts
     D:6: 970 daAuts
     D:2: 880 daAuts
     D:5: 826 daAuts
     D:3: 783 daAuts
     D:4: 766 daAuts
     D:8: 626 daAuts
  Bailey: 390 daAuts
